 Dungeon Crawl Stone Soup version 0.18.1-48-g4cf74bf (webtiles) character file.

130 wemp the Sneak (level 4, 0/21 HPs)
             Began as a Spriggan Enchanter on July 8, 2016.
             Was an Initiate of Makhleb.
             Killed from afar by an orc wizard (10 damage)
             ... with a magic dart
             ... on level 3 of the Dungeon.
             The game lasted 00:09:13 (2808 turns).

wemp the Sneak (Spriggan Enchanter)                 Turns: 2808, Time: 00:09:14

Health: 0/21       AC:  3    Str:  1    XL:     4   Next: 89%
Magic:  12/12      EV: 18    Int: 17    God:    Makhleb [......]
Gold:   116        SH:  0    Dex: 16    Spells: 3 memorised, 7 levels left

rFire  . . .     SeeInvis +     a - +2 dagger
rCold  . . .     Gourm    .     b - +1 robe
rNeg   . . .     Faith    .     (shield restricted)
rPois  .         Spirit   .     (helmet restricted)
rElec  .         Dismiss  .     (no cloak)
rCorr  .         Reflect  .     (gloves unavailable)
SustAt .         Harm     +     (boots unavailable)
MR     .....                    g - amulet of harm
Stlth  ++++......               (no ring)
                                e - -3 ring of strength (curse)

@: very quick, not resistant to hostile enchantments, stealthy
A: unfitting armour, see invisible, herbivore 3, speed 3, slow metabolism 2
a: Renounce Religion


You were on level 3 of the Dungeon.
You worshipped Makhleb.
Makhleb was noncommittal.
You were not hungry.

You visited 1 branch of the dungeon, and saw 3 of its levels.

You collected 116 gold pieces.

Inventory:

Hand Weapons
 a - a +2 dagger (weapon)
Armour
 b - a +1 robe (worn)
Jewellery
 e - a cursed -3 ring of strength (left hand)
 g - an amulet of harm (around neck)
Wands
 l - a wand of confusion (33/48)
Scrolls
 f - a scroll of identify
 m - a scroll of enchant weapon
Potions
 h - a potion of lignification
 i - 2 potions of heal wounds {unknown}
 j - a potion of curing {unknown}
 k - 2 potions of might {unknown}
Books
 c - a book of Maledictions

   Spells                             Type                      Level
   a - Corona                         Hexes                        1
   b - Ensorcelled Hibernation        Hexes/Ice                    2
   c - Confuse                        Hexes                        3
   d - Tukima's Dance                 Hexes                        3
   e - Dazzling Spray                 Conjuration/Hexes            3
Comestibles
 d - 2 bread rations


   Skills:
 + Level 1.7 Short Blades
 - Level 3.0 Dodging
 - Level 6.0 Stealth
 + Level 5.0 Spellcasting
 - Level 3.6 Hexes
 - Level 0.5 Ice Magic


You had 7 spell levels left.
You knew the following spells:

 Your Spells              Type           Power        Failure   Level  Hunger
a - Corona                Hex            ###....      3%          1    None
b - Ensorcelled Hibernat  Hex/Ice        ##....       12%         2    #......
c - Confuse               Hex            ###.....     12%         3    ###....


Dungeon Overview and Level Annotations

Branches:
Dungeon (3/15)

Altars:
Makhleb
Okawaru
Xom


Innate Abilities, Weirdness & Mutations

You are tiny and cannot use many weapons and most armour.
You have supernaturally acute eyesight.
You are a herbivore.
You cover ground extremely quickly.
You need consume almost no food.


Message History

Makhleb accepts your kill.
Your Spellcasting skill increases to level 5!
Eat which item? (? for menu, Esc to quit)
Yeuchh!
Chicken.
You start resting.
Magic restored.
You see here a worker ant corpse.
A rat comes into view.
Found a hand axe.
Found a scroll of enchant weapon.
You found a teleport trap!
f - a scroll of identify
Found a stone staircase leading down.
m - a scroll of enchant weapon The orc wizard points at you and mumbles some strange words.
The puff of flame hits you!
Ouch! That really hurt!
The orc wizard casts a spell at you. The magic dart hits you!
You die...

#######################
#>.....................
#......................
############...##############
#...........@.)..............
#............................
#............................
#..........^.................
#....o.......................
......o........................
...............................
....o.............(............
###.........................(..


You could see an orc wizard.

Vanquished Creatures
  A hound (D:2)
  A worker ant (D:3)
  3 adders
  A worm (D:3)
  A dart slug (D:2)
  2 ball pythons
  5 giant cockroaches
  2 goblins (D:3)
  7 hobgoblins
  2 jackals (D:2)
  A quokka (D:3)
  6 bats
  2 giant newts (D:2)
  A jackal zombie (D:3)
  7 kobolds
  4 rats
46 creatures vanquished.

Notes
Turn   | Place    | Note
--------------------------------------------------------------
     0 | D:1      | wemp the Spriggan Enchanter began the quest for the Orb.
     0 | D:1      | Reached XP level 1. HP: 9/9 MP: 5/5
   305 | D:1      | Reached skill level 5 in Stealth
   334 | D:1      | Reached XP level 2. HP: 3/13 MP: 4/6
   338 | D:1      | Learned a level 2 spell: Ensorcelled Hibernation
  1286 | D:2      | Found a shimmering altar of Xom.
  1813 | D:2      | Found a burning altar of Makhleb.
  1972 | D:3      | Reached XP level 3. HP: 13/16 MP: 8/8
  1977 | D:3      | Learned a level 3 spell: Confuse
  2037 | D:3      | Reached skill level 6 in Stealth
  2365 | D:2      | Reached XP level 4. HP: 21/21 MP: 5/10
  2396 | D:2      | Became a worshipper of Makhleb the Destroyer
  2607 | D:3      | Found an iron altar of Okawaru.
  2706 | D:3      | Reached skill level 5 in Spellcasting
  2808 | D:3      | Killed from afar by an orc wizard

Skill      XL: |  1  2  3  4 |
---------------+-------------+-----
Stealth        | 5 6 |  6.0
Spellcasting   | 3 5 |  5.0
Short Blades   | |  1.7
Dodging        | |  3.0
Hexes          | |  3.6
Ice Magic      | |  0.5

Action                   |  1- 3 |  4- 6 || total
-------------------------+-------+-------++-------
Melee: Dagger            |   122 |    19 ||   141
 Cast: Corona            |     6 |       ||     6
       Ensorcelled Hiber |    14 |     5 ||    19
  Use: Scroll            |     4 |     1 ||     5
 Stab: Sleeping          |    24 |     6 ||    30
  Eat: Pizza             |       |     1 ||     1
Armor: Robe              |    11 |     4 ||    15
Dodge: Dodged            |   111 |    18 ||   129
